AoeStats
← Cuba Calibre

African Clearing

510406345Analyzed
4v4 RM · 1d ago on Sep 30, 2026· 46m 27s· 8 players
Game mode
Random Map
Map size
Large (8 player)
Population
200
Speed
Normal
Resources
Standard
Victory
Conquest
Starting age
Dark Age
Ending age
Imperial Age
RankedLock teamsTeams togetherTeam positionsShared explorationLock speedFull tech treeHidden civsTurbo modeCheats
Victory
Defeat
🇺🇸 Jurchens · United States
1292
+10
🇦🇺 Persians · Australia
1290
+11
🇦🇷 Franks · Argentina
1265
+11
🇩🇪 Varangians · Germany
1252
+12
🇪🇸 Lithuanians · Spain
1273
-14
🇪🇸 Mongols · Spain
1214
-13
🇪🇸 Malians · Spain
1164
-11
🇪🇸 Vikings · Spain
1005
-6
FATBOY <OBAMA>
14:24 Feudal Age
13:01 Loom
18:25 Castle Age
16:43 Scale Barding Armor
16:48 Forging
16:26 Horse Collar
16:33 Double-Bit Axe
18:33 Bloodlines
19:22 Husbandry
19:44 Chain Barding Armor
20:03 Bow Saw
30:35 Wheelbarrow
29:54 Town Watch
34:29 Imperial Age
33:15 Heavy Plow
33:34 Hand Cart
33:21 Stone Mining
33:24 Gold Mining
34:30 Iron Casting
35:12 Stone Shaft Mining
35:27 Chain Barding Armor
36:06 Conscription
36:47 Plate Barding Armor
36:40 Elite Iron Pagoda
40:31 Blast Furnace
40:49 Siege Engineers
41:46 Chemistry
40:56 Masonry
40:27 Treadmill Crane
44:41 Fortified Wall
45:01 Architecture
Cambo
11:24 Loom
13:24 Feudal Age
17:02 Castle Age
15:31 Double-Bit Axe
17:37 Scale Barding Armor
18:16 Forging
29:08 Fletching
30:19 Crossbowman
32:22 Bow Saw
36:18 Imperial Age
35:05 Wheelbarrow
34:53 Bodkin Arrow
35:39 Padded Archer Armor
36:35 Chain Barding Armor
37:09 Gold Mining
40:32 Gold Shaft Mining
39:50 Cavalier
41:41 Plate Barding Armor
42:43 Savar
KZA
4:37 Loom
13:01 Feudal Age
17:35 Castle Age
16:36 Scale Barding Armor
17:54 Double-Bit Axe
28:38 Husbandry
35:11 Imperial Age
35:30 Cavalier
38:17 Forging
38:28 Chain Barding Armor
38:18 Forging
38:33 Chain Barding Armor
45:54 Plate Barding Armor
45:55 Iron Casting
Cuba Calibre
8:00 Loom
14:22 Feudal Age
15:10 Double-Bit Axe
18:02 Castle Age
17:51 Scale Mail Armor
19:06 Bow Saw
19:27 Horse Collar
19:52 Squires
21:39 Gambesons
23:02 Arson
24:16 Wheelbarrow
24:35 Chain Mail Armor
26:13 Forging
26:38 Gold Mining
27:09 Squires
28:23 Town Watch
28:53 Heavy Plow
29:40 Forging
31:09 Hand Cart
37:54 Imperial Age
37:40 Iron Casting
37:25 Stone Mining
37:55 Elite Varangian Guard
37:58 Gothikon
39:00 Conscription
39:11 Plate Mail Armor
39:42 Blast Furnace
39:49 Two-Man Saw
41:38 Pikeman
42:37 Guilds
43:54 Crop Rotation
44:27 Siege Engineers
44:03 Treadmill Crane
Trinidad
4:25 Loom
13:42 Feudal Age
18:45 Castle Age
17:32 Double-Bit Axe
19:22 Scale Barding Armor
20:15 Bow Saw
21:51 Wheelbarrow
26:22 Forging
28:28 Iron Casting
28:24 Husbandry
28:32 Man-at-Arms
29:33 Scale Mail Armor
29:14 Long Swordsman
31:30 Chain Mail Armor
31:29 Squires
32:26 Hand Cart
34:30 Squires
35:35 Fletching
36:15 Bodkin Arrow
42:25 Chain Barding Armor
Pedrolobo
4:50 Loom
15:27 Feudal Age
16:12 Horse Collar
16:19 Double-Bit Axe
17:34 Town Watch
21:40 Castle Age
21:17 Scale Mail Armor
21:27 Forging
22:22 Fletching
23:45 Squires
24:23 Arson
33:04 Iron Casting
32:44 Chain Mail Armor
36:46 Chieftains
37:21 Bodkin Arrow
46:08 Imperial Age
a.arias.age
13:09 Feudal Age
13:00 Loom
17:34 Forging
17:30 Scale Barding Armor
19:38 Castle Age
17:49 Double-Bit Axe
19:26 Bloodlines
21:02 Gold Mining
27:15 Wheelbarrow
29:39 Padded Archer Armor
29:32 Fletching
31:49 Bodkin Arrow
32:09 Padded Archer Armor
33:47 Leather Archer Armor
40:36 Imperial Age
38:09 Stone Mining
39:06 Chain Barding Armor
40:11 Iron Casting
41:46 Pikeman
42:50 Scale Mail Armor
43:51 Blast Furnace
vagos.fran
5:11 Loom
12:52 Feudal Age
17:55 Castle Age
16:24 Double-Bit Axe
18:48 Bow Saw
18:19 Horse Collar
23:36 Wheelbarrow
22:47 Town Watch
25:14 Scale Barding Armor
31:22 Imperial Age
29:54 Chain Barding Armor
30:24 Hand Cart
32:08 Bloodlines
31:58 Husbandry
32:30 Conscription
32:53 Heavy Plow
33:55 Two-Man Saw
32:46 Gold Mining
33:40 Light Cavalry
35:20 Plate Barding Armor
34:55 Forging
35:30 Winged Hussar
37:30 Iron Casting
37:33 Tower Shields
41:20 Padded Archer Armor
42:07 Elite Leitis
43:16 Hill Forts
Connection lost

Rejoining the realm…

Still unreachable

The connection could not be restored.

Session expired

The server has moved on; the page needs a fresh start.